[Event "Titled Tuesday Blitz June 13 Early 2023"]
[White "Pinheiro, Iung Alicio de O."]
[Black "Szyszylo, Rafal"]
[WhiteFideId "2104350"]
[BlackFideId "1109626"]
[WhiteElo "2283"]
[BlackElo "1951"]
[Result "0-1"]
[Round "8"]
[TimeControl "180+2"]
[Date "2023.06.13"]
[WhiteClock "0:00:00"]
[BlackClock "0:00:14"]
[Board "115"]

1. e4 d6 2. d4 Nf6 3. Nc3 g6 4. Be3 c6 5. Qd2 b5 6. Bd3 Nbd7 7. Bh6 Bxh6 8. Qxh6 b4 9. Nce2 c5 10. Nf3 cxd4 11. Nexd4 Ne5 12. Nxe5 dxe5 13. Nf3 Qc7 14. O-O Bb7 15. Rfe1 e6 16. Bb5+ Ke7 17. Qh4 h6 18. Bd3 g5 19. Qg3 Nd7 20. h4 f6 21. Rad1 Rag8 22. Bb5 Bc6 23. Nd4 Nb8 24. Nxc6+ Nxc6 25. Qb3 a5 26. Qc4 Rc8 27. Qc5+ Kf7 28. Rd6 Ne7 29. Qxc7 Rxc7 30. Ba4 gxh4 31. Bb3 Kg7 32. Bxe6 Rxc2 33. Rd7 Re8 34. Red1 Kf8 35. Ra7 Nc6 36. Rf7+ Kg8 37. Bd5 Nd4 0-1


[Site "https://www.chess.com"]

[Event "Titled Tuesday Blitz June 13 Early 2023"]
[White "Gavrilov, Maxim"]
[Black "Ansh M Shah"]
[WhiteFideId "24271454"]
[BlackFideId "25033379"]
[WhiteElo "1969"]
[BlackElo "2084"]
[Result "1-0"]
[Round "8"]
[TimeControl "180+2"]
[Date "2023.06.13"]
[WhiteClock "0:01:08"]
[BlackClock "0:00:00"]
[Board "116"]

1. d4 Nf6 2. c4 c6 3. Nc3 d5 4. e3 e6 5. Nf3 Nbd7 6. Bd3 dxc4 7. Bxc4 b5 8. Bd3 Bd6 9. e4 e5 10. O-O O-O 11. Bg5 h6 12. Bh4 Qc7 13. h3 exd4 14. Nxd4 g5 15. Bg3 Bxg3 16. fxg3 Qxg3 17. Nf5 Qe5 18. Nxh6+ Kh7 19. Nf5 Nc5 20. Bc2 b4 21. Qc1 Rg8 22. Ne2 Ncxe4 23. Bxe4 Nxe4 24. Nfd4 1-0


[Site "https://www.chess.com"]

[Event "Titled Tuesday Blitz June 13 Early 2023"]
[White "Lehtosaari, Mauri"]
[Black "Toczek, Grzegorz"]
[WhiteFideId "501999"]
[BlackFideId "1106457"]
[WhiteElo "2547"]
[BlackElo "2093"]
[Result "1-0"]
[Round "8"]
[TimeControl "180+2"]
[Date "2023.06.13"]
[WhiteClock "0:00:29"]
[BlackClock "0:01:06"]
[Board "117"]

1. d4 Nf6 2. Nf3 g6 3. Bg5 Bg7 4. c3 O-O 5. e3 d6 6. Nbd2 e5 7. Bc4 Nbd7 8. O-O c6 9. dxe5 dxe5 10. Ne4 Qc7 11. Qd6 Qxd6 12. Nxd6 e4 13. Nd2 Ne5 14. Bxf6 Bxf6 15. N2xe4 Be7 16. Nxc8 Raxc8 17. Bb3 Nd3 18. Rab1 Kg7 19. Rfd1 Rcd8 20. Rd2 f5 21. Ng3 Nc5 22. Rbd1 Rxd2 23. Rxd2 Rd8 24. Rxd8 Bxd8 25. Bc2 Kf6 26. Kf1 Ke6 27. Ne2 Ke5 28. Nf4 Bf6 29. Ke2 Kd6 30. g3 b5 31. Bb3 Na4 32. Bxa4 bxa4 33. Kd3 Ke5 34. f3 Be7 35. Kc4 g5 36. Nd3+ Kd6 37. Nc5 a3 38. b4 h5 39. Nb3 Ke5 40. Nd4 c5 41. bxc5 g4 42. Nc6+ Ke6 43. fxg4 f4 44. exf4 Bh4 45. gxh4 hxg4 46. Nd4+ Kd7 47. Kd5 g3 48. hxg3 Kc7 49. g4 a5 50. f5 a4 51. Kc4 Kb7 52. Kb4 Ka6 53. Kxa4 Kb7 54. Kxa3 Ka6 55. Kb4 Ka7 56. g5 Kb7 57. Kb5 Ka7 58. a4 Kb7 59. a5 Ka7 60. h5 Kb7 61. h6 Ka7 62. h7 Kb7 63. h8=Q Ka7 64. Qh7+ Ka8 65. Kb6 Kb8 66. Qh8# 1-0


[Site "https://www.chess.com"]

[Event "Titled Tuesday Blitz June 13 Early 2023"]
[White "Shuvalov, Evgenij"]
[Black "LeoLV10"]
[WhiteFideId "4187237"]
[WhiteElo "2080"]
[BlackElo "2423"]
[Result "1/2-1/2"]
[Round "8"]
[TimeControl "180+2"]
[Date "2023.06.13"]
[WhiteClock "0:00:10"]
[BlackClock "0:00:18"]
[Board "118"]

1. d4 Nf6 2. c4 e6 3. Nc3 d5 4. cxd5 exd5 5. Bg5 c6 6. e3 Nbd7 7. Bd3 h6 8. Bh4 Be7 9. Nge2 O-O 10. f3 Re8 11. O-O Qc7 12. Rc1 a6 13. e4 dxe4 14. fxe4 Qb6 15. Qe1 Ne5 16. Bb1 Ng6 17. Bg3 Qxb2 18. Qf2 Be6 19. h3 Rad8 20. e5 Nd5 21. Bf5 Nxc3 22. Rxc3 Bxf5 23. Qxf5 Qxe2 24. Qxf7+ Kh7 25. Rcf3 Rf8 26. Qb3 Rxf3 27. Rxf3 Rxd4 28. Qxb7 Rb4 29. Qxc6 Rb1+ 30. Kh2 Nxe5 31. Bxe5 Qxe5+ 32. Rg3 Rb2 33. Qg6+ Kg8 34. Qe8+ Kh7 35. Qg6+ Kh8 36. Qe8+ Kh7 37. Qg6+ 1/2-1/2


[Site "https://www.chess.com"]

[Event "Titled Tuesday Blitz June 13 Early 2023"]
[White "Gomez Barrera, Javiera Belen"]
[Black "Omelja, Artem"]
[WhiteFideId "3418723"]
[BlackFideId "14119846"]
[WhiteElo "2119"]
[BlackElo "2404"]
[Result "0-1"]
[Round "8"]
[TimeControl "180+2"]
[Date "2023.06.13"]
[WhiteClock "0:00:00"]
[BlackClock "0:00:04"]
[Board "119"]

1. e4 e5 2. Nf3 Nc6 3. Bc4 Bc5 4. c3 Nf6 5. d3 d6 6. O-O h6 7. Re1 Bg4 8. b4 Bb6 9. a4 a5 10. b5 Ne7 11. h3 Bh5 12. Nbd2 g5 13. Nf1 g4 14. hxg4 Bxg4 15. d4 exd4 16. cxd4 Bxf3 17. gxf3 Qd7 18. e5 Rg8+ 19. Ng3 dxe5 20. Qb3 O-O-O 21. Bxf7 Kb8 22. Be6 Qd6 23. Bxg8 Rxg8 24. Kf1 Bxd4 25. Ba3 Qd5 26. Rab1 Qxb3 27. Rxb3 Ned5 28. Bb2 h5 29. Nf5 Bxb2 30. Rxb2 Rg5 31. Rxe5 Ka7 32. Rd2 Nb6 33. Rd4 Nfd7 34. Re7 Rxf5 35. Rexd7 Nxd7 36. Rxd7 Rxf3 37. Rxc7 Rf4 38. Rc5 h4 39. Kg2 Rxa4 40. Rf5 Kb6 41. f4 Rb4 42. Kh3 a4 0-1


[Site "https://www.chess.com"]

[Event "Titled Tuesday Blitz June 13 Early 2023"]
[White "Palencia Morales, Wilson Guillermo"]
[Black "Abduzhaparov"]
[WhiteFideId "4401859"]
[WhiteElo "2144"]
[BlackElo "2421"]
[Result "1-0"]
[Round "8"]
[TimeControl "180+2"]
[Date "2023.06.13"]
[WhiteClock "0:00:36"]
[BlackClock "0:00:07"]
[Board "120"]

1. d4 d6 2. Nf3 Nf6 3. c4 Nbd7 4. g3 e5 5. Bg2 Be7 6. O-O O-O 7. Nc3 Re8 8. e4 exd4 9. Nxd4 Bf8 10. Qc2 a5 11. h3 Nc5 12. Bg5 c6 13. Rad1 h6 14. Be3 Qe7 15. Rfe1 Qc7 16. f4 Ne6 17. Nf3 Nd7 18. Bf2 Nec5 19. g4 a4 20. g5 Qa5 21. gxh6 g6 22. h7+ Kxh7 23. e5 dxe5 24. f5 Bh6 25. fxg6+ fxg6 26. Nh4 Nf8 27. Ne4 Nxe4 28. Bxe4 Re6 29. Rd3 Bf4 30. Red1 Qc7 31. Qe2 Qg7 32. Ng2 Bg5 33. Rd8 Bxd8 34. Rxd8 b5 35. Bc5 Bb7 36. Bxf8 Qf7 37. Qh5+ Kg8 38. Bg7+ Kxg7 39. Qh8# 1-0


[Site "https://www.chess.com"]

[Event "Titled Tuesday Blitz June 13 Early 2023"]
[White "Venkatesh, M.R."]
[Black "Buchenau, Frank"]
[WhiteFideId "5005779"]
[BlackFideId "4604350"]
[WhiteElo "2450"]
[BlackElo "2157"]
[Result "1-0"]
[Round "8"]
[TimeControl "180+2"]
[Date "2023.06.13"]
[WhiteClock "0:01:13"]
[BlackClock "0:01:02"]
[Board "121"]

1. e4 e6 2. d4 d5 3. Nd2 c5 4. Ngf3 cxd4 5. Nxd4 Nc6 6. Bb5 Bd7 7. Nxc6 bxc6 8. Bd3 Bd6 9. O-O Qc7 10. Nf3 Ne7 11. Re1 e5 12. c4 dxe4 13. Bxe4 O-O 14. c5 Bxc5 15. Bxh7+ Kxh7 16. Qc2+ Kg8 17. Qxc5 Ng6 18. Bd2 Rfe8 19. Bc3 Qb6 20. Qd6 Rad8 21. Nxe5 Nxe5 22. Rxe5 Be6 23. Qa3 Rd5 24. Rae1 Rxe5 25. Bxe5 Rd8 26. Qg3 g6 27. Qh4 1-0


[Site "https://www.chess.com"]

[Event "Titled Tuesday Blitz June 13 Early 2023"]
[White "Matveeva, Olga"]
[Black "Srdanovic, Jovana"]
[WhiteFideId "24107018"]
[BlackFideId "954810"]
[WhiteElo "2009"]
[BlackElo "2155"]
[Result "1-0"]
[Round "8"]
[TimeControl "180+2"]
[Date "2023.06.13"]
[WhiteClock "0:00:17"]
[BlackClock "0:00:12"]
[Board "122"]

1. d4 d5 2. c4 c6 3. Nf3 Nf6 4. e3 Bf5 5. Nc3 e6 6. b3 Bd6 7. Bb2 O-O 8. Be2 Nbd7 9. O-O h6 10. Rc1 Qe7 11. Nh4 Bh7 12. f4 Ne4 13. Nf3 Ndf6 14. Ne5 Nxc3 15. Bxc3 Ba3 16. Ra1 Ne4 17. Qe1 f6 18. Nd3 b6 19. Bb4 Bxb4 20. Qxb4 c5 21. Qa3 Nc3 22. Qb2 Nxe2+ 23. Qxe2 dxc4 24. bxc4 Rfd8 25. f5 Bxf5 26. e4 Bh7 27. dxc5 Rd4 28. Rad1 Rxe4 29. Qf3 Rxc4 30. Qxa8+ Kf7 31. Qf3 bxc5 32. Ne5+ Kg8 33. Nxc4 1-0


[Site "https://www.chess.com"]

[Event "Titled Tuesday Blitz June 13 Early 2023"]
[White "Chandreyee, Hajra"]
[Black "Zavgorodniy, Sergiy"]
[WhiteFideId "5056535"]
[BlackFideId "14110148"]
[WhiteElo "1725"]
[BlackElo "2402"]
[Result "0-1"]
[Round "8"]
[TimeControl "180+2"]
[Date "2023.06.13"]
[WhiteClock "0:01:16"]
[BlackClock "0:02:24"]
[Board "123"]

1. e4 c6 2. d4 d5 3. exd5 cxd5 4. c4 Nf6 5. Nc3 e6 6. Nf3 Be7 7. cxd5 Nxd5 8. Bb5+ Bd7 9. Bxd7+ Nxd7 10. Nxd5 exd5 11. O-O O-O 12. Bf4 Qb6 13. Qb3 Qxb3 14. axb3 Rfc8 15. Rfc1 a6 16. Bc7 f6 17. Rc3 Kf7 18. Rac1 g5 19. Ne1 Bb4 20. R3c2 Nf8 21. Nd3 Be7 22. Bb6 Rxc2 23. Rxc2 Ne6 24. Kf1 Bd6 25. h3 h5 26. g4 hxg4 27. hxg4 Rh8 28. Kg2 Rh4 29. Kf3 Rh3+ 30. Ke2 Rh8 31. Bc5 Bxc5 32. dxc5 Nd4+ 33. Kd2 Nxc2 34. Kxc2 Ke6 35. b4 d4 36. c6 bxc6 37. Nc5+ Kd6 38. Nxa6 Rh2 0-1


[Site "https://www.chess.com"]

[Event "Titled Tuesday Blitz June 13 Early 2023"]
[White "Nikologorsky, Matfei"]
[Black "Golubev, Mikhail"]
[WhiteFideId "24102474"]
[BlackFideId "14100983"]
[WhiteElo "2153"]
[BlackElo "2374"]
[Result "0-1"]
[Round "8"]
[TimeControl "180+2"]
[Date "2023.06.13"]
[WhiteClock "0:01:13"]
[BlackClock "0:00:20"]
[Board "124"]

1. e4 c5 2. Nf3 d6 3. d4 Nf6 4. Nc3 cxd4 5. Nxd4 Nc6 6. Bg5 e6 7. Qd3 Bd7 8. Ndb5 Nb4 9. Qd1 a6 10. Bxf6 gxf6 11. a3 axb5 12. axb4 Rxa1 13. Qxa1 d5 14. exd5 Bxb4 15. dxe6 fxe6 16. Bd3 Bc6 17. O-O Rg8 18. g3 Bxc3 19. bxc3 Qd5 20. f3 Qc5+ 21. Kg2 h5 22. Re1 Kf7 23. Qa5 Qd6 24. c4 h4 25. cxb5 Rxg3+ 26. hxg3 Qxg3+ 27. Kf1 Qxf3+ 28. Kg1 Qg2# 0-1


[Site "https://www.chess.com"]

[Event "Titled Tuesday Blitz June 13 Early 2023"]
[White "Miller, Luke C"]
[Black "Devaev, Alexander"]
[WhiteFideId "2096935"]
[BlackFideId "4169395"]
[WhiteElo "1836"]
[BlackElo "2172"]
[Result "1-0"]
[Round "8"]
[TimeControl "180+2"]
[Date "2023.06.13"]
[WhiteClock "0:00:11"]
[BlackClock "0:00:00"]
[Board "125"]

1. e4 c6 2. d4 d5 3. f3 dxe4 4. fxe4 e5 5. Nf3 Be6 6. c3 Nd7 7. Ng5 Nh6 8. Nxe6 Qh4+ 9. Kd2 fxe6 10. Bd3 exd4 11. cxd4 Qf2+ 12. Kc3 c5 13. Bb5 O-O-O 14. Rf1 Qxd4+ 15. Qxd4 cxd4+ 16. Kxd4 Nc5+ 17. Ke3 Ng4+ 18. Kf4 Nxh2 19. Rh1 a6 20. Bxa6 g5+ 21. Kxg5 Be7+ 22. Kh5 bxa6 23. Rxh2 Rd1 24. Nc3 Re1 25. Rb1 Bd6 26. Rh3 Nxe4 27. Nxe4 Rxe4 28. Bg5 Rg8 29. Rc1+ Kb7 30. Bh4 Re5+ 31. Kh6 Rxg2 32. Rd1 Bc7 33. Rd7 Rd5 34. Rxh7 Rd4 35. Bg3 Rxg3 36. Rxg3 Rh4+ 37. Kg6 Rxh7 38. Rb3+ Kc6 39. Kxh7 Bd6 40. Rc3+ Kd5 41. Rd3+ Kc5 42. Kg6 Be5 43. Rb3 Bd4 44. a3 e5 45. Kf5 a5 46. Ke4 Kc4 47. Rb7 Kc5 48. Rc7+ Kb5 49. Rc2 Ka4 50. Rg2 Kb3 51. Kd5 a4 52. Kc6 Bxb2 53. Rg3+ Bc3 54. Kb5 e4 55. Re3 Kc2 56. Kxa4 Bd4 57. Rxe4 Kd3 58. Rxd4+ Kxd4 59. Kb5 Kd5 60. a4 Kd6 61. Kb6 Kd7 62. Kb7 1-0


[Site "https://www.chess.com"]

[Event "Titled Tuesday Blitz June 13 Early 2023"]
[White "Manukian, Artak"]
[Black "Begunov, Konstantin"]
[WhiteFideId "13301373"]
[BlackFideId "4118510"]
[WhiteElo "2130"]
[BlackElo "1993"]
[Result "1-0"]
[Round "8"]
[TimeControl "180+2"]
[Date "2023.06.13"]
[WhiteClock "0:00:37"]
[BlackClock "0:00:05"]
[Board "126"]

1. e4 c5 2. Nf3 d6 3. Bb5+ Bd7 4. Bxd7+ Qxd7 5. c4 Nf6 6. Nc3 Nc6 7. d3 g6 8. O-O Bg7 9. Bg5 O-O 10. Qd2 Rfe8 11. Bh6 Bh8 12. h3 a6 13. a4 e6 14. Rfe1 Nd4 15. Nxd4 cxd4 16. Ne2 e5 17. a5 Qc7 18. b4 Nd7 19. f4 Bg7 20. Bxg7 Kxg7 21. f5 f6 22. h4 gxf5 23. exf5 d5 24. cxd5 Qd6 25. Ng3 Qxd5 26. Ne4 Rac8 27. Rac1 Rg8 28. Kh2 Rgd8 29. g4 Rf8 30. g5 fxg5 31. Qxg5+ Kh8 32. Rg1 Qf7 33. Nd6 Qf6 34. Qxf6+ Nxf6 35. Rxc8 Rxc8 36. Nxc8 e4 37. dxe4 Nxe4 38. Ne7 h5 39. Ng6+ Kh7 40. Nf4 Nd2 41. Rg2 Nf3+ 42. Kg3 Ne5 43. Rd2 1-0


[Site "https://www.chess.com"]

[Event "Titled Tuesday Blitz June 13 Early 2023"]
[White "sebastianmarinp"]
[Black "Cruz Mendez, Jean Marco"]
[BlackFideId "3526402"]
[WhiteElo "2388"]
[BlackElo "2064"]
[Result "1-0"]
[Round "8"]
[TimeControl "180+2"]
[Date "2023.06.13"]
[WhiteClock "0:01:54"]
[BlackClock "0:01:42"]
[Board "127"]

1. e4 e5 2. Nf3 Nc6 3. Bb5 a6 4. Ba4 Nf6 5. O-O Be7 6. Re1 b5 7. Bb3 O-O 8. h3 Bb7 9. d3 d5 10. exd5 Nxd5 11. Nxe5 Nxe5 12. Rxe5 Qd7 13. Nd2 Nf4 14. Ne4 Nxg2 15. Kxg2 a5 16. Qg4 Qxg4+ 17. hxg4 1-0


[Site "https://www.chess.com"]

[Event "Titled Tuesday Blitz June 13 Early 2023"]
[White "Rodchenkov, Sergey D."]
[Black "Ozalp, Burak"]
[WhiteFideId "4168712"]
[BlackFideId "6314210"]
[WhiteElo "2277"]
[BlackElo "2106"]
[Result "1-0"]
[Round "8"]
[TimeControl "180+2"]
[Date "2023.06.13"]
[WhiteClock "0:01:12"]
[BlackClock "0:00:07"]
[Board "128"]

1. e4 c6 2. d4 d5 3. exd5 cxd5 4. Bd3 Nc6 5. c3 Qc7 6. Nf3 Bg4 7. Nbd2 Nf6 8. h3 Bh5 9. Be2 e6 10. O-O Be7 11. Re1 O-O 12. Nf1 Ne4 13. N3d2 Bxe2 14. Qxe2 Nxd2 15. Bxd2 a6 16. Ng3 b5 17. Nh5 g6 18. Ng3 Rfe8 19. Qg4 f5 20. Qf3 Bd6 21. Ne2 Rf8 22. h4 Rae8 23. h5 Qf7 24. h6 Ne7 25. Bg5 Kh8 26. Nf4 Ng8 27. Nd3 Nf6 28. Bf4 Bxf4 29. Qxf4 Ne4 30. f3 Nf6 31. Re2 Rg8 32. Qg5 Nd7 33. Rae1 Re7 34. Qf4 Rge8 35. Qd6 Qf6 36. Nf4 g5 37. Nxd5 exd5 38. Qxf6+ Nxf6 39. Rxe7 Rxe7 40. Rxe7 Nh5 1-0


[Site "https://www.chess.com"]

[Event "Titled Tuesday Blitz June 13 Early 2023"]
[White "Horak, Martin"]
[Black "FREDERICKtheMATE"]
[WhiteFideId "367095"]
[WhiteElo "2091"]
[BlackElo "2369"]
[Result "1-0"]
[Round "8"]
[TimeControl "180+2"]
[Date "2023.06.13"]
[WhiteClock "0:00:47"]
[BlackClock "0:01:12"]
[Board "129"]

1. e4 c5 2. Nf3 Nc6 3. d4 cxd4 4. Nxd4 Nf6 5. Nc3 e5 6. Ndb5 d6 7. Bg5 a6 8. Na3 b5 9. Nd5 Be7 10. Bxf6 Bxf6 11. c4 b4 12. Nc2 O-O 13. g3 a5 14. Qd3 Ba6 15. Bg2 g6 16. O-O Bg7 17. Rad1 Rc8 18. b3 Kh8 19. f4 exf4 20. gxf4 a4 21. Kh1 Rb8 22. f5 Be5 23. f6 Bc8 24. Bh3 Be6 25. Qe3 Rg8 26. Rd3 Qa5 27. Qh6 Rbf8 28. Bxe6 fxe6 29. Qxh7+ Kxh7 30. Rh3# 1-0


[Site "https://www.chess.com"]

[Event "Titled Tuesday Blitz June 13 Early 2023"]
[White "Slavin, Alexey"]
[Black "Gomes, Luiz Alexandre de Souza"]
[WhiteFideId "24104388"]
[BlackFideId "2102790"]
[WhiteElo "2264"]
[BlackElo "2505"]
[Result "1-0"]
[Round "8"]
[TimeControl "180+2"]
[Date "2023.06.13"]
[WhiteClock "0:01:20"]
[BlackClock "0:01:34"]
[Board "130"]

1. e4 c5 2. g3 d6 3. Bg2 Nc6 4. Ne2 g6 5. O-O Bg7 6. Nbc3 Nf6 7. a3 O-O 8. Rb1 b6 9. b4 Bb7 10. d3 e6 11. e5 dxe5 12. bxc5 Nd5 13. Ne4 Rb8 14. c4 Nde7 15. Nd6 Ba8 16. Ne4 bxc5 17. Rxb8 Qxb8 18. Nxc5 Rd8 19. Qa4 Nd4 20. Nxd4 Bxg2 21. Kxg2 exd4 22. Bg5 Re8 23. Rb1 Qc7 24. Qxe8+ 1-0


[Site "https://www.chess.com"]

[Event "Titled Tuesday Blitz June 13 Early 2023"]
[White "Ai, Evan"]
[Black "Shapiro, Daniel"]
[WhiteFideId "2094770"]
[BlackFideId "2001780"]
[WhiteElo "1963"]
[BlackElo "2353"]
[Result "1-0"]
[Round "8"]
[TimeControl "180+2"]
[Date "2023.06.13"]
[WhiteClock "0:01:57"]
[BlackClock "0:00:00"]
[Board "131"]

1. e4 e5 2. Nf3 Nc6 3. Bb5 a6 4. Ba4 Nf6 5. O-O Be7 6. Re1 b5 7. Bb3 d6 8. c3 O-O 9. h3 Na5 10. Bc2 c5 11. d4 Nd7 12. Nbd2 cxd4 13. cxd4 Nc6 14. d5 Nb4 15. Bb1 a5 16. Nf1 Nb6 17. a3 Na6 18. Bd3 Bd7 19. Qe2 Nc7 20. Be3 Rb8 21. Qd2 b4 22. axb4 axb4 23. Ra7 f5 24. Rc1 fxe4 25. Rcxc7 exd3 26. Bxb6 Rxf3 27. Rxd7 Qxb6 28. Rxe7 1-0


[Site "https://www.chess.com"]

[Event "Titled Tuesday Blitz June 13 Early 2023"]
[White "Bashirli, Saadat"]
[Black "Aarav Dengla"]
[WhiteFideId "13429990"]
[BlackFideId "45059756"]
[WhiteElo "1408"]
[BlackElo "2288"]
[Result "0-1"]
[Round "8"]
[TimeControl "180+2"]
[Date "2023.06.13"]
[WhiteClock "0:00:03"]
[BlackClock "0:00:09"]
[Board "132"]

1. d4 d5 2. e3 e6 3. f4 c5 4. c3 Nf6 5. Bd3 Bd6 6. Nd2 Nc6 7. Ngf3 Qc7 8. Ne5 O-O 9. O-O g6 10. b3 Nd7 11. Qg4 Kg7 12. Bb2 cxd4 13. exd4 Qb6 14. Kh1 f6 15. Bxg6 Ncxe5 16. fxe5 hxg6 17. exd6 Qxd6 18. Rae1 Rh8 19. Nf3 Nb6 20. Nh4 g5 21. h3 Rxh4 22. Qf3 Rf4 23. Qh5 Rxf1+ 24. Rxf1 Qe7 25. h4 Bd7 26. g3 Rh8 27. Qg4 e5 28. Qf3 exd4 29. c4 dxc4 30. Bxd4 Bc6 31. Qxc6 bxc6 32. Bxf6+ Qxf6 33. Rxf6 Kxf6 0-1


[Site "https://www.chess.com"]

[Event "Titled Tuesday Blitz June 13 Early 2023"]
[White "Bashkansky, Ethan"]
[Black "Taboas Rodriguez, Daniel"]
[WhiteFideId "2071533"]
[BlackFideId "2208466"]
[WhiteElo "2328"]
[BlackElo "2365"]
[Result "1-0"]
[Round "8"]
[TimeControl "180+2"]
[Date "2023.06.13"]
[WhiteClock "0:00:15"]
[BlackClock "0:00:04"]
[Board "133"]

1. d4 Nf6 2. c4 g6 3. Nc3 Bg7 4. e4 d6 5. f3 O-O 6. Be3 c5 7. dxc5 dxc5 8. Qxd8 Rxd8 9. Bxc5 Nc6 10. Nd5 e6 11. Ne7+ Nxe7 12. Bxe7 Rd7 13. Ba3 b6 14. Nh3 Ba6 15. Rd1 Rxd1+ 16. Kxd1 Nd7 17. b3 f5 18. Nf4 fxe4 19. Nxe6 exf3 20. Nxg7 Kxg7 21. gxf3 Bb7 22. Bg2 Kh6 23. Re1 Rd8 24. Re7 Ne5+ 25. Ke2 Nd3 26. Rxb7 Nf4+ 27. Kf2 Rd2+ 28. Ke3 Rxa2 29. Kxf4 Rxa3 30. Kg3 Rxb3 31. Rxa7 Rb4 32. Bf1 g5 33. Rc7 Kg6 34. Rc6+ Kg7 35. Bd3 Rb3 36. Be4 Rb4 37. Rc7+ Kf6 38. Bxh7 b5 39. c5 Rc4 40. c6 b4 41. Be4 Ke5 42. Rb7 Kd6 43. Rb5 g4 44. Kxg4 1-0


[Site "https://www.chess.com"]

[Event "Titled Tuesday Blitz June 13 Early 2023"]
[White "Sharapov, Evgeny"]
[Black "Jiganchine, Roman"]
[WhiteFideId "14103133"]
[BlackFideId "2603667"]
[WhiteElo "2367"]
[BlackElo "2321"]
[Result "1-0"]
[Round "8"]
[TimeControl "180+2"]
[Date "2023.06.13"]
[WhiteClock "0:01:27"]
[BlackClock "0:00:00"]
[Board "134"]

1. e4 c6 2. d4 d5 3. e5 Bf5 4. Be3 e6 5. c4 dxc4 6. Bxc4 Nd7 7. Nc3 Nb6 8. Bb3 Ne7 9. Nge2 Ned5 10. O-O Be7 11. Ng3 Bg6 12. Nce4 O-O 13. Qg4 a5 14. Bg5 a4 15. Bxe7 Qxe7 16. Bxd5 cxd5 17. Nd6 Nc8 18. Nxc8 Raxc8 19. h4 h5 20. Nxh5 Bxh5 21. Qxh5 Rc2 22. Rae1 g6 23. Qh6 Rfc8 24. h5 Qf8 25. Qg5 Qg7 26. hxg6 Qxg6 27. Qh4 Qh7 28. Qf4 Qf5 29. Qg3+ Qg6 30. Qa3 R8c4 31. Re3 Rxd4 32. Qe7 Rg4 33. Qd8+ Kg7 34. Rh3 Rxg2+ 35. Kh1 Rh2+ 36. Kxh2 1-0


[Site "https://www.chess.com"]

[Event "Titled Tuesday Blitz June 13 Early 2023"]
[White "Ladan, Nicholas"]
[Black "Vifleemskaia, Svetlana"]
[WhiteFideId "30918855"]
[BlackFideId "4129490"]
[WhiteElo "2167"]
[BlackElo "1930"]
[Result "0-1"]
[Round "8"]
[TimeControl "180+2"]
[Date "2023.06.13"]
[WhiteClock "0:00:04"]
[BlackClock "0:00:42"]
[Board "135"]

1. b4 e5 2. Bb2 Bxb4 3. Bxe5 Nf6 4. c3 Ba5 5. g3 Nc6 6. Bxf6 Qxf6 7. Bg2 O-O 8. Nf3 Re8 9. e3 d5 10. Nd4 Nxd4 11. cxd4 Qxd4 12. Na3 Bxd2+ 13. Qxd2 Qxa1+ 14. Ke2 Qe5 15. Bxd5 Bg4+ 16. f3 c6 17. Bxf7+ Kxf7 18. fxg4 Rad8 19. Qc1 Kg8 20. Nc4 Qe4 21. Rf1 Qxg4+ 22. Ke1 b5 23. Rf4 Qh3 24. Nd2 Rxe3+ 25. Kf2 Rde8 26. Nf1 Re2+ 27. Kf3 Qh5+ 28. g4 Qh3+ 29. Ng3 Qg2# 0-1


[Site "https://www.chess.com"]

[Event "Titled Tuesday Blitz June 13 Early 2023"]
[White "Afanasieva, Alexandra"]
[Black "Kovalevsky, Stanislav"]
[WhiteFideId "34126926"]
[BlackFideId "13508598"]
[WhiteElo "1736"]
[BlackElo "2112"]
[Result "1-0"]
[Round "8"]
[TimeControl "180+2"]
[Date "2023.06.13"]
[WhiteClock "0:00:06"]
[BlackClock "0:01:33"]
[Board "136"]

1. e4 e6 2. d4 d5 3. Nc3 dxe4 4. Nxe4 Nf6 5. Nxf6+ gxf6 6. Nf3 Nc6 7. Bb5 Bd7 8. Bf4 Rg8 9. g3 Ne7 10. Bxd7+ Qxd7 11. c4 O-O-O 12. Qb3 Nf5 13. O-O-O Bh6 14. Bxh6 Nxh6 15. h3 Nf5 16. Kb1 Qc6 17. d5 Qc5 18. g4 Nd6 19. Rc1 Ne4 20. Rhd1 Nxf2 21. Rd2 Nxh3 22. Nd4 Rxg4 23. Nxe6 fxe6 24. Qxh3 Rxc4 25. Rxc4 Qxc4 26. dxe6 Kb8 27. Rxd8# 1-0


[Site "https://www.chess.com"]

[Event "Titled Tuesday Blitz June 13 Early 2023"]
[White "Zaitsev, Alexander"]
[Black "Putri, Regita Desyari"]
[WhiteFideId "4164490"]
[BlackFideId "7109083"]
[WhiteElo "2373"]
[BlackElo "1930"]
[Result "1-0"]
[Round "8"]
[TimeControl "180+2"]
[Date "2023.06.13"]
[WhiteClock "0:00:39"]
[BlackClock "0:00:06"]
[Board "137"]

1. e4 e5 2. Nc3 Nf6 3. Bc4 Nc6 4. d3 Bb4 5. Ne2 Na5 6. O-O O-O 7. a3 Bxc3 8. Nxc3 Nxc4 9. dxc4 h6 10. Be3 d6 11. h3 Be6 12. b3 Re8 13. Qd2 Nh5 14. Rad1 Qf6 15. Nd5 Qg6 16. Nxc7 Bxh3 17. f3 Rac8 18. Nxe8 Rxe8 19. Rf2 Re6 20. c5 dxc5 21. Qd8+ Kh7 22. Qh4 f5 23. Qxh3 f4 24. Bxc5 Ng3 25. Rfd2 Rf6 26. Bf2 Qg5 27. Qg4 Qxg4 28. fxg4 Nxe4 29. Rd7 Nc3 30. Re1 Re6 31. Bd4 1-0


[Site "https://www.chess.com"]

[Event "Titled Tuesday Blitz June 13 Early 2023"]
[White "Orlov, Georgi"]
[Black "Seletsky, Grigory"]
[WhiteFideId "2011271"]
[BlackFideId "14112191"]
[WhiteElo "2608"]
[BlackElo "2491"]
[Result "1-0"]
[Round "8"]
[TimeControl "180+2"]
[Date "2023.06.13"]
[WhiteClock "0:01:59"]
[BlackClock "0:00:36"]
[Board "138"]

1. d4 d6 2. Nf3 Nf6 3. c3 Nbd7 4. Bg5 c5 5. Nbd2 cxd4 6. cxd4 d5 7. e3 e6 8. Bd3 Be7 9. O-O O-O 10. Rc1 b6 11. Qa4 Bb7 12. Ba6 Bxa6 13. Qxa6 Rc8 14. a3 Rxc1 15. Rxc1 Qb8 16. Rc6 Re8 17. Bf4 Qa8 18. Rc7 h6 19. h3 Nf8 20. Rxa7 Qd8 21. Ne5 N6d7 22. Nc6 Nb8 23. Bxb8 1-0


[Site "https://www.chess.com"]

[Event "Titled Tuesday Blitz June 13 Early 2023"]
[White "Chakravarthi Reddy, M"]
[Black "Mamedov, Edgar"]
[WhiteFideId "25009532"]
[BlackFideId "13739980"]
[WhiteElo "2201"]
[BlackElo "2317"]
[Result "0-1"]
[Round "8"]
[TimeControl "180+2"]
[Date "2023.06.13"]
[WhiteClock "0:00:56"]
[BlackClock "0:01:41"]
[Board "139"]

1. e4 c5 2. Nf3 e6 3. d4 cxd4 4. Nxd4 Nf6 5. Nc3 Nc6 6. Be2 Bb4 7. f3 d5 8. O-O Bc5 9. Be3 e5 10. exd5 Nxd4 11. Kh1 O-O 12. Bc4 Bf5 13. Rc1 Rc8 14. f4 Nxc2 15. Bxc5 Rxc5 16. fxe5 Ne3 17. Qd4 Nfg4 18. Qxc5 Qh4 19. h3 Qg3 20. hxg4 Qxg2# 0-1


[Site "https://www.chess.com"]

[Event "Titled Tuesday Blitz June 13 Early 2023"]
[White "rikchessmx"]
[Black "Balla, Tamas-Kristof"]
[BlackFideId "1208497"]
[WhiteElo "2314"]
[BlackElo "2334"]
[Result "0-1"]
[Round "8"]
[TimeControl "180+2"]
[Date "2023.06.13"]
[WhiteClock "0:00:50"]
[BlackClock "0:00:23"]
[Board "140"]

1. e4 c5 2. Nf3 Nc6 3. d4 cxd4 4. Nxd4 e5 5. Nxc6 bxc6 6. Bd3 Bc5 7. O-O Nf6 8. Qf3 h6 9. c4 O-O 10. Nc3 d6 11. h3 Be6 12. Rd1 Rb8 13. b3 Bd4 14. Bd2 d5 15. Rac1 dxe4 16. Nxe4 Nxe4 17. Qxe4 f5 18. Qxc6 Rf6 19. Qa4 Rg6 20. Bf1 f4 21. Kh1 Qg5 22. g3 Qh5 23. Bxf4 Bxh3 24. Rxd4 Bxf1+ 25. Kg1 exf4 26. Rxf4 Bh3 27. Qxa7 Re8 28. Rh4 Qxh4 0-1


[Site "https://www.chess.com"]